[Event "Titled Tuesday Blitz March 15 Early 2022"]
[White "Riehle, Marco"]
[Black "Tay, Junior"]
[WhiteFideId "12904392"]
[BlackFideId "5800439"]
[WhiteElo "2462"]
[BlackElo "2216"]
[Result "1-0"]
[Round "02"]
[TimeControl "180+1"]
[Date "2022.03.15"]
[WhiteClock "0:00:19"]
[BlackClock "0:00:01"]

1. e4 c5 2. a3 d5 3. exd5 Nf6 4. Nf3 e6 5. dxe6 Bxe6 6. d4 Nc6 7. Bb5 Qb6 8. Bxc6+ bxc6 9. O-O Bd6 10. dxc5 Bxc5 11. b4 Be7 12. Be3 Qc7 13. Nbd2 O-O 14. Qe2 c5 15. c4 cxb4 16. axb4 Bxb4 17. Nd4 Ng4 18. g3 Bd7 19. Nb5 Qc6 20. Nb3 Qg6 21. Rxa7 Bc6 22. Rxa8 Rxa8 23. N3d4 Bb7 24. f3 Ne5 25. Bf4 Nc6 26. Nxc6 Qxc6 27. Nd4 Bc5 28. Be3 Qb6 29. Nf5 Re8 30. Re1 Qf6 31. g4 g6 32. Qf2 Bxe3 33. Rxe3 Rd8 34. Ne7+ Kg7 35. Kg2 Qg5 36. Nd5 Bxd5 37. cxd5 Rxd5 38. h3 Qd8 39. Qb2+ Kg8 40. Kg3 Qd6+ 41. f4 Rd3 42. Qe2 Rxe3+ 43. Qxe3 Kg7 44. g5 Qd5 45. h4 Qb5 46. h5 gxh5 47. Qc3+ Kg8 48. Qf3 Qc4 49. Qxh5 Qf1 50. Qh2 Qe1+ 51. Kg4 Qe4 52. Qf2 Qe6+ 53. Kg3 Qe4 54. Qd2 Qf5 55. Qd8+ Kg7 56. Qd4+ Kg6 57. Qd6+ Kg7 58. Qd2 Kg6 59. Qe3 Kg7 60. Qb6 1-0


[Site "https://www.chess.com"]

[Event "Titled Tuesday Blitz March 15 Early 2022"]
[White "Rosen, Eric"]
[Black "Gareyev, Timur"]
[WhiteFideId "2032562"]
[BlackFideId "14200937"]
[WhiteElo "2362"]
[BlackElo "2582"]
[Result "0-1"]
[Round "02"]
[TimeControl "180+1"]
[Date "2022.03.15"]
[WhiteClock "0:00:02"]
[BlackClock "0:00:29"]

1. d4 d6 2. e4 g6 3. Nf3 Nf6 4. Nc3 c6 5. a4 Bg7 6. h3 a5 7. Bg5 Na6 8. Bc4 Nb4 9. Bb3 h6 10. Be3 Qc7 11. Qd2 e5 12. O-O g5 13. dxe5 dxe5 14. Bc5 Bf8 15. Bxf8 Kxf8 16. Qe3 b6 17. Rfd1 Rg8 18. Nh2 Rg6 19. Ne2 Nh5 20. c3 Na6 21. Ng4 Nf4 22. Qf3 h5 23. Nxe5 Qxe5 24. Nxf4 gxf4 25. Rd8+ Ke7 26. Rad1 Nc5 27. Ba2 Bg4 28. Qxg4 hxg4 29. Rxa8 Rd6 30. Re1 gxh3 31. gxh3 f3 32. Ra7+ Nd7 33. Re3 Qg5+ 34. Kf1 Rd1+ 35. Re1 Rxe1+ 36. Kxe1 Qc1# 0-1


[Site "https://www.chess.com"]

[Event "Titled Tuesday Blitz March 15 Early 2022"]
[White "Samadov, Read"]
[Black "Koridze, Lile"]
[WhiteFideId "13417444"]
[BlackFideId "13612514"]
[WhiteElo "2084"]
[BlackElo "1999"]
[Result "1-0"]
[Round "02"]
[TimeControl "180+1"]
[Date "2022.03.15"]
[WhiteClock "0:01:14"]
[BlackClock "0:00:20"]

1. d4 Nf6 2. c4 e6 3. Nf3 d5 4. g3 Bb4+ 5. Bd2 Be7 6. Bg2 O-O 7. O-O c6 8. Qc2 b6 9. Rd1 Bb7 10. Bf4 Nbd7 11. Nc3 Rc8 12. Ne5 Nxe5 13. dxe5 Nd7 14. cxd5 cxd5 15. e4 g5 16. exd5 exd5 17. Be3 Nxe5 18. Qf5 Ng6 19. Nxd5 Bxd5 20. Bxd5 Qe8 21. Bxg5 Bxg5 22. Qxg5 Rc5 23. Rac1 Qb5 24. Rxc5 Qxc5 25. h4 Kh8 26. h5 Ne7 27. Qf6+ Kg8 28. h6 1-0


[Site "https://www.chess.com"]

[Event "Titled Tuesday Blitz March 15 Early 2022"]
[White "Samaganova, Aleksandra"]
[Black "Dixit, Nikhil"]
[WhiteFideId "13800221"]
[BlackFideId "5059534"]
[WhiteElo "1859"]
[BlackElo "2223"]
[Result "1-0"]
[Round "02"]
[TimeControl "180+1"]
[Date "2022.03.15"]
[WhiteClock "0:00:33"]
[BlackClock "0:00:21"]

1. c4 Nf6 2. Nc3 g6 3. g3 Bg7 4. Bg2 O-O 5. e4 d6 6. Nge2 e5 7. O-O Nc6 8. d3 Nd7 9. f4 f5 10. Be3 Nd4 11. h3 Nxe2+ 12. Qxe2 c6 13. Rad1 Nf6 14. fxe5 dxe5 15. d4 Nxe4 16. Nxe4 fxe4 17. dxe5 Qe8 18. Rxf8+ Bxf8 19. Bf4 Bc5+ 20. Kh2 e3 21. Bxe3 Bf8 22. Bg5 Be6 23. b3 Bf7 24. Bf6 Qe6 25. Qf2 Re8 26. Qxa7 Be7 27. Qxb7 Bxf6 28. exf6 Qxf6 29. Rf1 Qe7 30. Qxc6 Qe2 31. Qf6 Re7 32. Rf2 Qe3 33. Bd5 1-0


[Site "https://www.chess.com"]

[Event "Titled Tuesday Blitz March 15 Early 2022"]
[White "San, Thit Lwin"]
[Black "Foisor, Sabina-Francesca"]
[WhiteFideId "13001272"]
[BlackFideId "1212915"]
[WhiteElo "2232"]
[BlackElo "2243"]
[Result "1-0"]
[Round "02"]
[TimeControl "180+1"]
[Date "2022.03.15"]
[WhiteClock "0:00:29"]
[BlackClock "0:00:07"]

1. Nf3 d5 2. c4 d4 3. d3 Nf6 4. g3 c5 5. Bg2 Nc6 6. a3 a5 7. O-O e5 8. Nbd2 Be7 9. Qc2 O-O 10. e3 Bf5 11. e4 Bg4 12. h3 Bd7 13. Rb1 Qc8 14. Kh2 h6 15. Ne1 Nh7 16. f4 f5 17. exf5 Bxf5 18. g4 Bd7 19. Ne4 Nf6 20. fxe5 Nxe5 21. Bf4 Ng6 22. Bg3 Bxg4 23. Nxf6+ Bxf6 24. hxg4 Qxg4 25. Nf3 Qh5+ 26. Bh3 Rae8 27. Rbe1 Rxe1 28. Nxe1 Re8 29. Nf3 Bh4 30. Qg2 Bxg3+ 31. Qxg3 Re2+ 32. Kg1 Rxb2 33. Re1 Kh7 34. Bg4 1-0


[Site "https://www.chess.com"]

[Event "Titled Tuesday Blitz March 15 Early 2022"]
[White "Sanchez, Robert"]
[Black "Perez Leiva, Jerzy Jesus"]
[WhiteFideId "2034360"]
[BlackFideId "3524337"]
[WhiteElo "2275"]
[BlackElo "2261"]
[Result "0-1"]
[Round "02"]
[TimeControl "180+1"]
[Date "2022.03.15"]
[WhiteClock "0:01:47"]
[BlackClock "0:00:29"]

1. e4 e5 2. Nf3 Nc6 3. Bb5 a6 4. Ba4 Nf6 5. d3 d6 6. c3 Bd7 7. O-O g6 8. h3 Bg7 9. Be3 O-O 10. Qd2 Qe8 11. Bxc6 Bxc6 12. Na3 Rd8 13. Bh6 d5 14. Bxg7 Kxg7 15. exd5 Bxd5 16. Nh4 Nh5 17. Nc2 Qe7 18. g3 Nf4 19. Ne3 Kh8 20. Kh2 Be6 21. Ng4 Rxd3 22. Qe1 Bxg4 23. hxg4 Rfd8 24. Qe4 Rd2 25. Rae1 Nd3 26. Rd1 Nxf2 0-1


[Site "https://www.chess.com"]

[Event "Titled Tuesday Blitz March 15 Early 2022"]
[White "Sarana, Alexey"]
[Black "Wagh Suyog"]
[WhiteFideId "24133795"]
[BlackFideId "25071688"]
[WhiteElo "2666"]
[BlackElo "2181"]
[Result "1-0"]
[Round "02"]
[TimeControl "180+1"]
[Date "2022.03.15"]
[WhiteClock "0:00:47"]
[BlackClock "0:00:03"]

1. d4 Nf6 2. c4 e6 3. Nc3 Bb4 4. e3 O-O 5. Bd3 c5 6. a3 Bxc3+ 7. bxc3 b6 8. Ne2 Nc6 9. e4 Ne8 10. O-O f5 11. exf5 exf5 12. Nf4 g6 13. Qf3 Nf6 14. Be3 Bb7 15. dxc5 Rb8 16. Qd1 Ne5 17. Be2 Ne4 18. cxb6 axb6 19. Qd4 Re8 20. Rad1 Nc5 21. Qd6 Bc6 22. Bxc5 bxc5 23. Qxc5 Qg5 24. Nd5 Rb2 25. f4 Qh4 26. Rf2 Ng4 27. Bxg4 Qxg4 28. Nf6+ 1-0


[Site "https://www.chess.com"]

[Event "Titled Tuesday Blitz March 15 Early 2022"]
[White "Sarkar, Justin"]
[Black "Manukyan, Sargis A."]
[WhiteFideId "2010011"]
[BlackFideId "13303970"]
[WhiteElo "2038"]
[BlackElo "2187"]
[Result "0-1"]
[Round "02"]
[TimeControl "180+1"]
[Date "2022.03.15"]
[WhiteClock "0:00:18"]
[BlackClock "0:01:47"]

1. e4 c5 2. Nf3 d6 3. d4 cxd4 4. Nxd4 Nf6 5. Nc3 g6 6. Be3 Bg7 7. f3 O-O 8. Bc4 Nc6 9. O-O Nxd4 10. Bxd4 Be6 11. Bxe6 fxe6 12. e5 dxe5 13. Bxe5 Qb6+ 14. Bd4 Qxb2 15. Nd5 Qa3 16. Nc7 Rad8 17. Nxe6 Nh5 18. c3 Bxd4+ 19. cxd4 Qe3+ 20. Kh1 Qxe6 0-1


[Site "https://www.chess.com"]

[Event "Titled Tuesday Blitz March 15 Early 2022"]
[White "Secer, Ata"]
[Black "Hess, Robert"]
[WhiteFideId "6303293"]
[BlackFideId "2022036"]
[WhiteElo "2282"]
[BlackElo "2557"]
[Result "0-1"]
[Round "02"]
[TimeControl "180+1"]
[Date "2022.03.15"]
[WhiteClock "0:00:06"]
[BlackClock "0:00:07"]

1. e4 g6 2. d4 Bg7 3. Nf3 a6 4. Bc4 e6 5. Bb3 Ne7 6. O-O d6 7. Re1 Nd7 8. Nbd2 b6 9. Nf1 h6 10. Ng3 Bb7 11. h4 e5 12. c3 Nc6 13. Be3 Nf6 14. dxe5 dxe5 15. Qe2 O-O 16. Rad1 Qc8 17. h5 Kh7 18. Nh2 Na5 19. Bc2 Qe6 20. b3 Rad8 21. Rxd8 Rxd8 22. Rd1 Rd7 23. hxg6+ fxg6 24. Nhf1 Nc6 25. f3 Bf8 26. Rd2 h5 27. Qd1 h4 28. Ne2 Rxd2 29. Qxd2 Nh5 30. Kh2 Be7 31. Bg5 Nd8 32. Bxe7 Qxe7 33. b4 Nf7 34. Bb3 Ng5 35. Ne3 h3 36. Ng1 hxg2 37. Qxg2 Ne6 38. Qg4 Nef4 39. Nh3 Nxh3 40. Kxh3 Qd8 41. Ng2 Bc8 42. Be6 Bxe6 43. Qxe6 Qg5 44. Qg4 Qd2 45. Qc8 Qd3 46. Qxc7+ Kh6 47. Qxe5 Qxf3+ 48. Kh2 Nf6 49. Qf4+ Qxf4+ 50. Nxf4 Nxe4 51. c4 Kg5 52. Nd5 Kg4 53. Nxb6 Kf3 54. Nd5 g5 55. Kg1 g4 56. c5 g3 57. c6 Ng5 58. Ne3 Kxe3 59. Kg2 Ne6 60. Kxg3 Kd4 61. a4 Kd5 62. b5 a5 63. Kg4 Kd6 64. Kf5 Nc5 65. Kf6 Nxa4 66. Kf5 Nb6 67. Ke4 Kc5 68. c7 Kxb5 69. Ke5 a4 70. Kd6 a3 0-1


[Site "https://www.chess.com"]

[Event "Titled Tuesday Blitz March 15 Early 2022"]
[White "Shailendra, K Bajpai"]
[Black "Tanenbaum, Zachary"]
[WhiteFideId "5014670"]
[BlackFideId "2060850"]
[WhiteElo "2242"]
[BlackElo "2168"]
[Result "0-1"]
[Round "02"]
[TimeControl "180+1"]
[Date "2022.03.15"]
[WhiteClock "0:00:01"]
[BlackClock "0:01:00"]

1. e4 e5 2. Nf3 Nc6 3. Bb5 a6 4. Ba4 d6 5. d4 b5 6. Bb3 Nxd4 7. Nxd4 exd4 8. Qxd4 c5 9. Qd5 Be6 10. Qc6+ Bd7 11. Qd5 c4 12. Bxc4 bxc4 13. Qxc4 Nf6 14. Nc3 Be7 15. Bg5 O-O 16. O-O Qb6 17. Rfd1 Rac8 18. Qb3 Qxb3 19. axb3 h6 20. Bxf6 Bxf6 21. Rxd6 Be6 22. Rd3 Rfd8 23. Rad1 Rxd3 24. Rxd3 Kf8 25. f4 g6 26. Kf2 Rc7 27. g3 h5 28. h4 Be7 29. Ke2 Bg4+ 30. Kd2 Bb4 31. Rd4 Bc5 32. Rd5 Bf2 33. Kd3 Bxg3 34. Rd6 Bh3 35. Nd5 Ra7 36. c4 Bxh4 37. c5 Be7 0-1


[Site "https://www.chess.com"]

[Event "Titled Tuesday Blitz March 15 Early 2022"]
[White "Shevchenko, Kirill"]
[Black "Atakhan, Abtin"]
[WhiteFideId "14129574"]
[BlackFideId "22502203"]
[WhiteElo "2624"]
[BlackElo "2119"]
[Result "1-0"]
[Round "02"]
[TimeControl "180+1"]
[Date "2022.03.15"]
[WhiteClock "0:00:27"]
[BlackClock "0:00:08"]

1. c4 c5 2. g3 g6 3. Bg2 Bg7 4. Nc3 Nc6 5. Nf3 d6 6. O-O e5 7. Rb1 Nge7 8. a3 Be6 9. d3 a5 10. Ng5 Bd7 11. Nge4 Bf5 12. Nb5 Nc8 13. e3 O-O 14. Nec3 N8a7 15. Qe2 Be6 16. Bd2 Qd7 17. Nd5 Nxb5 18. Nb6 Qd8 19. Nxa8 Nba7 20. b4 axb4 21. axb4 Qxa8 22. b5 Ne7 23. Ba5 Qb8 24. Bc7 Qxc7 25. b6 Qc8 26. bxa7 Nc6 27. Qa2 Qa8 28. Bxc6 bxc6 29. Rb6 e4 30. Rfb1 exd3 31. Rb8 Bxc4 32. Rxa8 Bxa2 33. Rxf8+ Bxf8 34. Rd1 c4 35. a8=Q Bb3 36. Rb1 Kg7 37. Qxc6 d5 38. Qxd5 Bc2 39. Rc1 Ba3 40. Qd4+ Kg8 41. Ra1 Bf8 42. Qxc4 h5 43. Rc1 Ba3 44. Rxc2 dxc2 45. Qxc2 Bf8 46. Kg2 Bg7 47. h4 Kh7 48. Kf3 Bf6 49. Ke4 Kg7 50. Qc8 Be7 51. Kd5 Bf6 52. Kc6 Be7 53. Kd7 Bf8 54. Ke8 1-0


[Site "https://www.chess.com"]

[Event "Titled Tuesday Blitz March 15 Early 2022"]
[White "Shtyka, Sergey"]
[Black "Maung, Maung Kyaw Zaw Hein"]
[WhiteFideId "4138465"]
[BlackFideId "13001698"]
[WhiteElo "2014"]
[BlackElo "1785"]
[Result "1-0"]
[Round "02"]
[TimeControl "180+1"]
[Date "2022.03.15"]
[WhiteClock "0:00:21"]
[BlackClock "0:00:17"]

1. e4 c6 2. Nf3 d5 3. Nc3 Bg4 4. h3 Bxf3 5. Qxf3 e6 6. a3 Nf6 7. d3 Be7 8. g3 O-O 9. Bg2 Nbd7 10. O-O a5 11. Qe2 Qc7 12. Bf4 e5 13. Bd2 dxe4 14. Nxe4 Nxe4 15. Qxe4 Nc5 16. Qe2 Ne6 17. c3 f5 18. f4 Bc5+ 19. d4 Nxd4 20. cxd4 Bxd4+ 21. Kh2 Bxb2 22. Rab1 Bd4 23. fxe5 Bxe5 24. Bf4 Bxf4 25. Rxf4 Rae8 26. Qc4+ Kh8 27. Rbf1 Qe5 28. Qb3 Re7 29. Qf3 Rf6 30. Kh1 h6 31. Kh2 b5 32. Rxf5 Rxf5 33. Qxf5 Qxf5 34. Rxf5 Re2 35. Kg1 Rc2 36. Rf2 Rc3 37. a4 Rc4 38. axb5 cxb5 39. Bf1 Rc5 40. g4 b4 41. Rf8+ Kh7 42. Rb8 Rc3 43. Kg2 Ra3 44. Be2 b3 45. Bd3+ g6 46. Rb7+ Kg8 47. Bxg6 a4 48. h4 Ra2+ 49. Kg3 a3 50. Rxb3 Kg7 51. Bf5 Kf6 52. Rb6+ Ke5 53. Re6+ Kd5 54. Rxh6 Rb2 55. Ra6 a2 56. Be6+ Ke5 57. Bxa2 Rc2 58. Ra5+ Kf6 59. Bd5 Rd2 60. Bf3 Rd4 61. Rf5+ Kg6 62. Rf4 Rd3 63. Re4 Kg7 64. Kf4 Ra3 65. Rd4 Rb3 66. Be4 Rb5 67. g5 Rc5 68. h5 Rc1 69. Rd7+ Kg8 70. h6 Rf1+ 71. Ke5 Kh8 72. Rd8+ 1-0


[Site "https://www.chess.com"]

[Event "Titled Tuesday Blitz March 15 Early 2022"]
[White "Shuvalova, Polina"]
[Black "Samunenkov, Ihor"]
[WhiteFideId "24171760"]
[BlackFideId "14187086"]
[WhiteElo "2355"]
[BlackElo "2409"]
[Result "1/2-1/2"]
[Round "02"]
[TimeControl "180+1"]
[Date "2022.03.15"]
[WhiteClock "0:01:03"]
[BlackClock "0:00:12"]

1. d4 d5 2. Nf3 Nf6 3. Bf4 e6 4. e3 Bd6 5. Bxd6 Qxd6 6. c4 dxc4 7. Nc3 O-O 8. Bxc4 c5 9. O-O cxd4 10. Qxd4 Qxd4 11. Nxd4 a6 12. Rac1 b5 13. Be2 Bb7 14. Rfd1 Nbd7 15. Bf3 Bxf3 16. Nxf3 Rfc8 17. a3 Nb6 18. Ne5 Nc4 19. Nxc4 Rxc4 20. Rc2 Ne4 21. f3 Nxc3 22. Rxc3 Rxc3 23. bxc3 Kf8 24. Rd6 Rc8 25. Rxa6 Rxc3 26. Kf2 Ke7 27. e4 e5 28. h4 h5 29. Ke2 Rc2+ 30. Kf1 Ra2 31. Ra5 f6 32. Kg1 Kf7 33. Kh2 Kg6 34. Kg3 Kf7 35. Kh3 Kg6 36. Kg3 Kf7 37. Ra7+ Kg6 38. Ra5 1/2-1/2


[Site "https://www.chess.com"]

[Event "Titled Tuesday Blitz March 15 Early 2022"]
[White "Silva, Kaua Marques"]
[Black "Dejmek, Mark"]
[WhiteFideId "22701168"]
[BlackFideId "2017628"]
[WhiteElo "2071"]
[BlackElo "2227"]
[Result "1-0"]
[Round "02"]
[TimeControl "180+1"]
[Date "2022.03.15"]
[WhiteClock "0:00:40"]
[BlackClock "0:00:23"]

1. e4 e5 2. Nf3 Nc6 3. Bb5 a6 4. Ba4 Nf6 5. O-O Be7 6. Re1 b5 7. Bb3 d6 8. c3 O-O 9. h3 Nd7 10. a4 Rb8 11. axb5 axb5 12. d4 exd4 13. cxd4 Nb4 14. Nc3 c5 15. Nd5 c4 16. Nxb4 cxb3 17. Nc6 Qe8 18. Nxe7+ Qxe7 19. Qxb3 Nf6 20. Bg5 h6 21. Bh4 Be6 22. d5 Bd7 23. Qc3 g5 24. Nxg5 hxg5 25. Bxg5 Nxe4 26. Bxe7 Nxc3 27. Bxf8 Nxd5 28. Bxd6 Rd8 29. Be5 Nb4 30. Re4 Nd3 31. Bf6 Bf5 32. Rh4 Nxf2 33. Rh8# 1-0


[Site "https://www.chess.com"]

[Event "Titled Tuesday Blitz March 15 Early 2022"]
[White "Skuhala, Barbara"]
[Black "Milosevic, Milos"]
[WhiteFideId "14605465"]
[BlackFideId "964875"]
[WhiteElo "2155"]
[BlackElo "2237"]
[Result "1/2-1/2"]
[Round "02"]
[TimeControl "180+1"]
[Date "2022.03.15"]
[WhiteClock "0:02:29"]
[BlackClock "0:00:21"]

1. e4 c5 2. Nf3 Nc6 3. Bb5 Na5 4. O-O a6 5. Be2 Nc6 6. c3 d5 7. exd5 Qxd5 8. d4 e6 9. dxc5 Qxd1 10. Rxd1 Bxc5 11. Nbd2 Nf6 12. h3 O-O 13. Nb3 Bb6 14. Nbd4 Nxd4 15. Nxd4 Rd8 16. Be3 Bxd4 17. Bxd4 Bd7 18. Bf3 Bc6 19. Bxc6 bxc6 20. Bxf6 gxf6 21. b4 Kf8 22. Kf1 Ke7 23. Ke2 Rd5 24. Rxd5 exd5 25. Kd3 Kd6 26. Re1 Rg8 27. g3 Rg5 28. a4 Re5 29. Rb1 h5 30. b5 axb5 31. axb5 cxb5 32. Rxb5 h4 33. g4 Re1 34. Rb7 Ke6 35. Rb6+ Ke7 36. Rb7+ Kf8 37. Rd7 Rd1+ 38. Ke2 Rc1 39. Rxd5 Rxc3 40. f3 Rc2+ 41. Ke3 Rh2 42. Rh5 Rxh3 43. Kf2 Rh2+ 44. Kg1 Rh3 45. Kg2 Rg3+ 46. Kf2 Rh3 47. Kg2 Rg3+ 48. Kf2 Rh3 49. Kg2 1/2-1/2


[Site "https://www.chess.com"]

[Event "Titled Tuesday Blitz March 15 Early 2022"]
[White "Sovetbekova, Nurai"]
[Black "Fiorito, Fabian"]
[WhiteFideId "13801910"]
[BlackFideId "100200"]
[WhiteElo "1538"]
[BlackElo "2395"]
[Result "0-1"]
[Round "02"]
[TimeControl "180+1"]
[Date "2022.03.15"]
[WhiteClock "0:00:03"]
[BlackClock "0:00:52"]

1. d4 d5 2. c4 c6 3. Nf3 Nf6 4. g3 Bf5 5. Nc3 e6 6. Qb3 Qb6 7. c5 Qxb3 8. axb3 Na6 9. e3 Nb4 10. Ra4 a5 11. Na2 Nxa2 12. Rxa2 Be7 13. b4 Bd8 14. Bd2 Ne4 15. b5 Nxd2 16. Nxd2 O-O 17. Be2 Re8 18. O-O e5 19. bxc6 bxc6 20. Nf3 Bg4 21. Rfa1 e4 22. h3 exf3 23. hxg4 fxe2 0-1


[Site "https://www.chess.com"]

[Event "Titled Tuesday Blitz March 15 Early 2022"]
[White "Spitzl, Vinzent"]
[Black "Santos Ruiz, Miguel"]
[WhiteFideId "12901253"]
[BlackFideId "22291482"]
[WhiteElo "2160"]
[BlackElo "2486"]
[Result "0-1"]
[Round "02"]
[TimeControl "180+1"]
[Date "2022.03.15"]
[WhiteClock "0:00:01"]
[BlackClock "0:00:07"]

1. e4 c5 2. Nf3 e6 3. d4 cxd4 4. Nxd4 Nc6 5. Nc3 a6 6. Be3 Nf6 7. Be2 Qc7 8. O-O Be7 9. f4 d6 10. Qe1 O-O 11. Qg3 Nxd4 12. Bxd4 b5 13. a3 Bb7 14. Kh1 Ne8 15. Rae1 Rd8 16. Bd3 Bf6 17. e5 dxe5 18. fxe5 Rxd4 19. exf6 Qxg3 20. hxg3 Nxf6 21. Rf4 Rfd8 22. a4 b4 23. Ne2 Rxf4 24. gxf4 a5 25. Rd1 Kf8 26. Kg1 Ke7 27. c3 Be4 28. Nd4 Rd6 29. Bxe4 Nxe4 30. cxb4 axb4 31. a5 Nc5 32. Rc1 Nd3 33. Rc7+ Kd8 34. Nb5 Rd5 35. Rb7 Kc8 36. Rb6 Nc5 37. a6 Nxa6 38. Na7+ Kc7 39. Rxa6 Kb7 40. Ra4 Rd2 41. Nb5 Rxb2 42. Nd6+ Kc6 43. Nxf7 Kb5 44. Ra8 Rd2 45. Ne5 b3 46. Rb8+ Ka4 47. Nc4 Rc2 48. Ne3 Rc3 49. Ra8+ Kb4 50. Rb8+ Ka3 51. Kf2 b2 52. Ra8+ Kb3 53. Rb8+ Ka2 54. Nd1 Rb3 55. Ra8+ Kb1 56. Rc8 Ka2 57. Nxb2 Kxb2 58. Rc7 Rb4 59. Rxg7 Rxf4+ 60. Ke3 Rh4 61. Re7 Rg4 62. Kf3 Rg6 63. g4 h6 64. Kf4 Kc3 65. Rd7 Kc4 66. Rd8 Kc5 67. Rd2 Kc6 68. Rd1 Kc7 69. Rd2 Kc6 70. Rd1 Kb5 71. Rd2 Kc4 72. Rd1 Kc3 73. Rd8 Rf6+ 74. Kg3 e5 75. g5 hxg5 76. Kg4 e4 77. Kxg5 Rf7 78. Kg4 e3 79. Kg3 e2 80. Re8 Kd2 0-1


[Site "https://www.chess.com"]

[Event "Titled Tuesday Blitz March 15 Early 2022"]
[White "Srihari L R"]
[Black "Guseva, Marina"]
[WhiteFideId "46617116"]
[BlackFideId "4149351"]
[WhiteElo "2121"]
[BlackElo "2160"]
[Result "1-0"]
[Round "02"]
[TimeControl "180+1"]
[Date "2022.03.15"]
[WhiteClock "0:01:48"]
[BlackClock "0:00:01"]

1. Nf3 Nf6 2. c4 c6 3. d4 d5 4. e3 a6 5. Nbd2 Bf5 6. Be2 h6 7. O-O e6 8. b3 Nbd7 9. Bb2 Be7 10. Ne5 Nxe5 11. dxe5 Ne4 12. Nf3 O-O 13. Nd4 Bh7 14. f3 Nc5 15. b4 Nd7 16. f4 Bxb4 17. cxd5 cxd5 18. Bd3 Bxd3 19. Qxd3 Nc5 20. Qe2 Ne4 21. f5 exf5 22. Nxf5 Qg5 23. Rf4 Bc3 24. Raf1 Bxb2 25. Rg4 Bxe5 26. Rxg5 Nxg5 27. Ne7+ Kh8 28. Nxd5 Rad8 29. e4 Ne6 30. g3 Rc8 31. Qg4 Nd4 32. Kh1 Rc2 33. Qh5 f6 34. Ne7 Rd8 35. Ng6+ Kh7 36. Nxe5 fxe5 37. Qxe5 Rd2 38. Qh5 Ne6 39. Qf5+ Kh8 40. Qxe6 1-0


[Site "https://www.chess.com"]

[Event "Titled Tuesday Blitz March 15 Early 2022"]
[White "Svane, Rasmus"]
[Black "Barp, Alberto"]
[WhiteFideId "4657101"]
[BlackFideId "872555"]
[WhiteElo "2645"]
[BlackElo "2229"]
[Result "0-1"]
[Round "02"]
[TimeControl "180+1"]
[Date "2022.03.15"]
[WhiteClock "0:00:01"]
[BlackClock "0:00:12"]

1. Nf3 d5 2. g3 Bg4 3. Bg2 Nd7 4. O-O c6 5. h3 Bh5 6. d4 e6 7. c4 Ngf6 8. cxd5 exd5 9. Ne5 Bg6 10. Nc3 Nxe5 11. dxe5 Nd7 12. f4 Bc5+ 13. Kh2 O-O 14. Na4 h5 15. f5 Bh7 16. Nxc5 Nxc5 17. Qd4 Nd7 18. f6 Re8 19. fxg7 Nxe5 20. Bd2 Qd6 21. Bc3 Re6 22. Rf2 Rae8 23. Raf1 Bg6 24. Qxa7 c5 25. Bxe5 Rxe5 26. Qxb7 R8e7 27. Qa8+ Kxg7 28. Rf6 R7e6 29. Rxe6 Qxe6 30. Rf2 d4 31. Bf3 c4 32. Qd8 d3 33. exd3 cxd3 34. Qd4 Kh7 35. Kg2 Re1 36. g4 hxg4 37. Qxg4 Qe5 38. b3 Rc1 39. Qh4+ Kg7 40. Rd2 Rc2 41. Qf2 Qc3 42. Rxc2 dxc2 43. Bd5 c1=Q 0-1


[Site "https://www.chess.com"]

[Event "Titled Tuesday Blitz March 15 Early 2022"]
[White "Szpar, Milosz"]
[Black "Jacobson, Aaron"]
[WhiteFideId "1184989"]
[BlackFideId "2089912"]
[WhiteElo "2447"]
[BlackElo "2265"]
[Result "1-0"]
[Round "02"]
[TimeControl "180+1"]
[Date "2022.03.15"]
[WhiteClock "0:00:07"]
[BlackClock "0:00:01"]

1. e4 d5 2. exd5 Nf6 3. Bb5+ Nbd7 4. Nf3 a6 5. Be2 Nxd5 6. d4 e6 7. O-O c5 8. c4 N5f6 9. Nc3 cxd4 10. Nxd4 Bc5 11. Be3 O-O 12. Rc1 Qc7 13. a3 Rd8 14. b4 Bf8 15. Qb3 b6 16. Nc6 Re8 17. b5 Bb7 18. Bf3 Bc5 19. Bg5 h6 20. Bh4 Bd6 21. Bg3 Bxg3 22. hxg3 Nc5 23. Qb1 Nfd7 24. Rfd1 Nb8 25. Nb4 Bxf3 26. gxf3 a5 27. Nc2 Nbd7 28. f4 Nf6 29. Ne3 Red8 30. Rxd8+ Rxd8 31. Rd1 Rxd1+ 32. Qxd1 Qe7 33. Qf3 Ncd7 34. Nc2 Qc5 35. Qd3 Ng4 36. Ne4 Qc7 37. Kf1 Ngf6 38. Nxf6+ Nxf6 39. Ne3 h5 40. Qd4 Nd7 41. Nd1 Qb7 42. Kg1 Nc5 43. Nc3 Kh7 44. Qe3 Qd7 45. Qe5 g6 46. Ne4 Qd1+ 47. Kg2 Nd3 48. Ng5+ Kg8 49. Qb8+ Kg7 50. Qc7 Ne1+ 51. Kh2 Nf3+ 52. Nxf3 Qxf3 53. Qxb6 h4 54. Qd4+ Kg8 55. Qd8+ Kg7 56. Qd4+ Kg8 57. gxh4 Qg4 58. b6 Qxh4+ 59. Kg2 Qg4+ 60. Kf1 Qh3+ 61. Ke2 Qxa3 62. Qd8+ Kh7 63. Qd4 Qa2+ 64. Kf3 Qb3+ 65. Kg2 a4 66. c5 Qb5 67. Qf6 Kg8 68. Qd8+ Kg7 69. Qc7 a3 70. b7 a2 71. Qe5+ Kh7 72. b8=Q Qxb8 73. Qxb8 a1=Q 74. Qe5 Qa8+ 75. Kg3 Qh1 76. Qc7 Qg1+ 77. Kf3 Qd1+ 78. Ke3 Qe1+ 79. Kd3 Qd1+ 80. Kc4 Qa4+ 81. Kc3 Qa3+ 82. Kd4 Qb4+ 83. Ke5 Kg7 84. Kd6 Qxf4+ 85. Kd7 Qxf2 86. Qe5+ f6 87. Qd6 e5 88. c6 Qa7+ 89. c7 Kh6 90. Qxf6 e4 91. Qh4+ Kg7 92. Qxe4 g5 93. Qe5+ Kh6 94. Qd6+ Kh7 95. Kd8 Qa5 96. Ke8 Qa8+ 97. Ke7 g4 98. Qd7 Qa3+ 99. Kd8+ Kg6 100. c8=Q Qa5+ 101. Qcc7 Qa8+ 102. Qdc8 Qd5+ 103. Q7d7 Qa5+ 104. Qcc7 Qa8+ 105. Ke7 g3 106. Qe6+ Kh5 107. Qce5+ Kh4 108. Qh6+ Kg4 109. Qhh5# 1-0


[Site "https://www.chess.com"]

[Event "Titled Tuesday Blitz March 15 Early 2022"]
[White "Tasev, Dejan"]
[Black "Bintang, Rasyid A. Hidayat"]
[WhiteFideId "936618"]
[BlackFideId "7105355"]
[WhiteElo "2253"]
[BlackElo "2336"]
[Result "1/2-1/2"]
[Round "02"]
[TimeControl "180+1"]
[Date "2022.03.15"]
[WhiteClock "0:00:12"]
[BlackClock "0:00:15"]

1. e4 d5 2. exd5 Nf6 3. Nc3 Nxd5 4. Bc4 Nb6 5. Bb3 Nc6 6. d3 Bf5 7. Nge2 e6 8. a3 Be7 9. O-O O-O 10. Ng3 Bg6 11. f4 Nd4 12. Ba2 c5 13. Be3 Bf6 14. Qd2 Nd5 15. Nxd5 exd5 16. c3 Nf5 17. Nxf5 Bxf5 18. Bxc5 Re8 19. Bf2 Rc8 20. Rae1 Qd6 21. d4 Be4 22. Bb1 g6 23. Bxe4 dxe4 24. Be3 Bg7 25. f5 Qd5 26. Re2 b5 27. Ref2 a5 28. Qe2 b4 29. axb4 axb4 30. fxg6 fxg6 31. Rc1 Rc4 32. Qf1 Rec8 33. Bd2 e3 34. Bxe3 bxc3 35. bxc3 Rxc3 36. Rxc3 Rxc3 37. Qb1 h6 38. Bxh6 Bxh6 39. Qxg6+ Bg7 40. Qe8+ Kh7 41. h3 Rg3 42. Kh2 Rg6 43. Qe2 Bxd4 44. Rf3 Be5+ 45. g3 Qd6 46. Qf2 Rf6 47. Rxf6 Qxf6 48. Qxf6 Bxf6 49. Kg2 Kg6 50. Kf3 Be7 51. Kg4 Bd6 52. h4 Be7 53. Kf4 Kh5 54. Kf3 Bxh4 55. gxh4 Kxh4 1/2-1/2


[Site "https://www.chess.com"]

[Event "Titled Tuesday Blitz March 15 Early 2022"]
[White "Thomas, Anysia"]
[Black "Postny, Evgeny"]
[WhiteFideId "670472"]
[BlackFideId "2804344"]
[WhiteElo "2002"]
[BlackElo "2483"]
[Result "0-1"]
[Round "02"]
[TimeControl "180+1"]
[Date "2022.03.15"]
[WhiteClock "0:00:02"]
[BlackClock "0:00:24"]

1. d4 Nf6 2. c4 e5 3. dxe5 Ne4 4. Nf3 Nc6 5. Qc2 Nc5 6. Nc3 d6 7. Bg5 Nd4 8. Qd2 Nxf3+ 9. gxf3 Be7 10. Bxe7 Qxe7 11. exd6 cxd6 12. O-O-O Be6 13. e4 Rd8 14. Rg1 O-O 15. Qd4 g6 16. Nd5 Bxd5 17. Qxd5 Qf6 18. Be2 Qf4+ 19. Kb1 Qxh2 20. Qd4 Qe5 21. Qd2 Rfe8 22. Rh1 a5 23. Rh3 Ne6 24. Rdh1 h5 25. Rh4 a4 26. Bd3 a3 27. b3 Nc5 28. Be2 b5 29. Rg1 Ne6 30. Bd3 Qd4 31. Rxh5 bxc4 32. Rgh1 gxh5 33. Rg1+ Kf8 34. Qh6+ Ke7 0-1


[Site "https://www.chess.com"]